AoeStats
← Zoltub

Arabia

508006660Analyzed
1v1 RM · 10d ago on Sep 20, 2026· 70m 22s· 2 players
Game mode
Random Map
Map size
Tiny (2 player)
Population
200
Speed
Normal
Resources
Standard
Victory
Conquest
Starting age
Dark Age
Ending age
Imperial Age
RankedLock teamsTeams togetherTeam positionsShared explorationLock speedFull tech treeHidden civsTurbo modeCheats
Victory
Defeat
🇪🇸 Franks · Spain
937
+15
🇺🇸 Persians · United States
917
-15
Zoltub
0:35 Loom
10:55 Feudal Age
12:27 Wheelbarrow
13:51 Horse Collar
23:34 Castle Age
24:01 Gold Mining
23:58 Double-Bit Axe
24:15 Heavy Plow
23:47 Pikeman
28:09 Forging
28:59 Town Watch
29:30 Hand Cart
30:00 Iron Casting
30:50 Bow Saw
31:17 Gold Shaft Mining
33:24 Bloodlines
36:18 Scale Mail Armor
36:26 Scale Barding Armor
41:51 Scale Mail Armor
42:13 Chain Barding Armor
45:05 Imperial Age
44:34 Elite Skirmisher
45:50 Ballistics
46:13 Cavalier
47:29 Padded Archer Armor
47:20 Fletching
48:32 Blast Furnace
55:59 Bodkin Arrow
56:20 Chain Mail Armor
55:31 Halberdier
57:06 Conscription
57:00 Stone Mining
58:22 Two-Man Saw
59:12 Light Cavalry
62:17 Thumb Ring
63:30 Citadels
per1993
9:54 Feudal Age
10:28 Double-Bit Axe
16:06 Forging
22:05 Loom
22:46 Town Watch
25:28 Castle Age
23:28 Stone Mining
23:48 Gold Mining
24:29 Scale Mail Armor
25:37 Scale Barding Armor
28:02 Wheelbarrow
30:02 Iron Casting
28:51 Light Cavalry
29:49 Bow Saw
29:21 Elite Skirmisher
29:28 Crossbowman
30:15 Fletching
29:59 Crossbowman
31:10 Hand Cart
30:46 Pikeman
33:28 Husbandry
33:43 Padded Archer Armor
34:33 Ballistics
35:26 Masonry
36:26 Squires
39:49 Imperial Age
41:02 Murder Holes
42:07 Chemistry
42:53 Halberdier
43:19 Arson
45:49 Conscription
46:07 Hoardings
45:27 Capped Ram
48:30 Gold Shaft Mining
49:04 Town Patrol
49:17 Chivalry
51:13 Blast Furnace
50:09 Bodkin Arrow
50:34 Chain Barding Armor
51:40 Gambesons
51:29 Cavalier
53:08 Elite Throwing Axeman
54:17 Chain Mail Armor
56:21 Plate Barding Armor
56:18 Plate Mail Armor
56:54 #83
61:46 Leather Archer Armor
66:26 Paladin
69:20 Onager
Connection lost

Rejoining the realm…

Still unreachable

The connection could not be restored.

Session expired

The server has moved on; the page needs a fresh start.